 Dungeon Crawl Stone Soup version 0.28.0-47-ge53b351184 (webtiles) character file.

Game seed: 13791661765478725121

3257 RatsInWalls the Slinger (level 9, 46/46 HPs)
             Began as a Spriggan Arcane Marksman on May 7, 2022.
             Was an Initiate of Dithmenos.
             Quit the game on level 8 of the Dungeon.
             The game lasted 00:44:18 (14453 turns).

RatsInWalls the Slinger (Spriggan Arcane Marksman) Turns: 14453, Time: 00:44:19

Health: 46/46      AC:  3    Str:  6    XL:     9   Next: 67%
Magic:  27/27      EV: 23    Int: 19    God:    Dithmenos [......]
Gold:   685        SH:  0    Dex: 21    Spells: 13/19 levels left

rFire   . . .      SeeInvis +   a - +1 hunting sling
rCold   . . .      Faith    .   (no shield)
rNeg    . . .      Spirit   .   d - +1 robe
rPois   .          Reflect  .   (helmet restricted)
rElec   .          Harm     .   (no cloak)
rCorr   .          Rampage  .   (gloves unavailable)
Will    +....                   (boots unavailable)
Stlth   ++++......              F - amulet of magic regeneration
HPRegen 0.15/turn               c - ring of magical power
MPRegen 0.60/turn               C - +6 ring of dexterity

@: very quick
A: very small, no large weapons, unfitting armour, see invisible, speed 3
a: Renounce Religion


You were on level 8 of the Dungeon.
You worshipped Dithmenos.
Dithmenos was noncommittal.
You visited 1 branch of the dungeon, and saw 9 of its levels.

You collected 685 gold pieces.

Inventory:

Hand Weapons
 a - a +1 hunting sling (weapon)
 p - a +0 dagger of speed
Missiles
 i - 93 stones (quivered ammo)
 o - 8 poisoned darts
 s - 2 sling bullets
 v - 4 atropa-tipped darts
Armour
 d - a +1 robe (worn)
Jewellery
 c - a ring of magical power (left hand)
 C - a +6 ring of dexterity (right hand)
 F - an amulet of magic regeneration (around neck)
Wands
 l - a wand of charming (8)
 A - a wand of flame (47)
 D - a wand of mindburst (7)
Scrolls
 e - 2 scrolls of teleportation
 k - 6 scrolls of blinking {unknown}
 n - a scroll of fog
 r - 2 scrolls of amnesia {unknown}
 u - 6 scrolls of identify
 x - 2 scrolls of vulnerability {unknown}
 y - 2 scrolls of immolation {unknown}
 E - 2 scrolls of torment {unknown}
 G - a scroll of summoning {unknown}
 H - a scroll of magic mapping {unknown}
Potions
 b - 3 potions of heal wounds
 f - 2 potions of curing
 g - a potion of brilliance {unknown}
 h - 2 potions of might
 j - 3 potions of attraction {unknown}
 m - 2 potions of mutation {unknown}
 q - a potion of resistance {unknown}
 t - 5 potions of flight {unknown}
 w - 2 potions of lignification {unknown}
 z - a potion of haste {unknown}
 B - 3 potions of degeneration {unknown}


   Skills:
 + Level 4.4 Fighting
 * Level 9.4 Slings
 + Level 7.3 Dodging
 + Level 8.0 Stealth
 + Level 5.9 Spellcasting
 - Level 4.3 Hexes
 * Level 5.9 Translocations


You had 13 spell levels left.
You knew the following spells:

 Your Spells              Type           Power      Damage    Failure   Level
a - Slow                  Hex            88%        N/A       1%          1
b - Ensorcelled Hibernat  Hex/Ice        26%        N/A       7%          2
c - Portal Projectile     Hex/Tloc       50%        N/A       4%          3

Your spell library contained the following spells:

 Spells                   Type           Power      Damage    Failure   Level
 Inner Flame              Hex/Fire       13%        N/A       14%         3
 Passwall                 Tmut/Erth      4%         N/A       17%         2
 Cause Fear               Hex            11%        N/A       19%         4
 Swiftness                Air            5%         N/A       34%         3


Dungeon Overview and Level Annotations

Branches:
Dungeon (9/15)               Lair (0/6) D:8             Orc (0/2) D:9
 Temple: D:4-7

Altars:
Ashenzari
Cheibriados
Dithmenos
Nemelex Xobeh
Ru
Trog
Vehumet
Xom
Yredelemnul
Zin

Shops:
D:4 =   D:7 ([([   D:9 =

Annotations:
D:2 1 runed translucent door, Crazy Yiuf
D:7 3 runed translucent doors, Cheops's ghost, novice VSFi
D:9 Harold


Innate Abilities, Weirdness & Mutations

You are very small and have problems with some larger weapons.
You are too small for most types of armour.
You have supernaturally acute eyesight. (SInv)
You cover ground extremely quickly. (Speed+++)


Message History

Dithmenos accepts your kill.
Fire: 95 stones
Press: ? - help, Q - select action, (/) - cycle Shift-Dir - straight line, f - orc warrior
Aim: an orc warrior, wielding a +0 long sword and wearing a +0 chain mail (69% to hit)
You magically shoot a stone.
The stone barely misses the orc warrior.
Fire: 94 stones
Press: ? - help, Q - select action, (/) - cycle Shift-Dir - straight line, f/p - orc warrior
Aim: an orc warrior, wielding a +0 long sword and wearing a +0 chain mail (69% to hit)
You magically shoot a stone.
The stone barely misses the orc warrior.
Fire: 5 sling bullets
Press: ? - help, Q - select action, (/) - cycle Shift-Dir - straight line, f/p - orc warrior
Aim: an orc warrior, wielding a +0 long sword and wearing a +0 chain mail (69% to hit)
You magically shoot a sling bullet.
The sling bullet closely misses the orc warrior.
You are no longer teleporting projectiles to their destination.
Fire: 4 sling bullets
Press: ? - help, Q - select action, (/) - cycle Shift-Dir - straight line, f/p - orc warrior
Aim: an orc warrior, wielding a +0 long sword and wearing a +0 chain mail (66% to hit)
You shoot a sling bullet.
The sling bullet hits the orc warrior but does no damage.
Fire: 3 sling bullets
Press: ? - help, Q - select action, (/) - cycle Shift-Dir - straight line, f/p - orc warrior
Aim: an orc warrior, wielding a +0 long sword and wearing a +0 chain mail (66% to hit)
You shoot a sling bullet.
The sling bullet barely misses the orc warrior.
The sling bullet hits the orc wizard.
The orc wizard is heavily wounded.
You climb upwards.
There is a stone staircase leading down here.
You start resting.
Magic restored.
You start resting.
HP restored.
You see here a +0 chain mail.
You see here a +0 short sword.
Save game and exit?
Okay, then.
Are you sure you want to abandon this character and quit the game? (Confirm with "yes".)

#..#...##.###### #.#
########..##..##......#
#.#
#.............#######.#
#<# #.#######.#...# #.#
#.# #.# #.#...# #.# #.#
#.#
#.#...#######.####.#
#.#
#.....##...........#
#.#
#####...##.####.######
#.# #.>...@.##.# #.#
#.#####.###...##.# #.#
#.##.............# #.#
#.##.........########.#
#.##.........#
#....#######
#............#
#.#####.....
####.......#.# #.#
#<#### ####.......#.##
#.# #.# #
#....[........# #.# #.#
#


There were no monsters in sight!

Vanquished Creatures
  A komodo dragon (D:8)
  A wyvern (D:8)
  A shadow (D:6)
  2 steam dragons (D:8)
  A water moccasin (D:5)
  An ice beast (D:4)
  A necrophage (D:4)
  3 ogres
  3 bullfrogs
  A water moccasin zombie (D:6)
  3 wyvern zombies
  5 wights (D:6)
  3 centaur zombies
  2 centaur skeletons
  4 hounds
  4 orc priests
  3 orc wizards (D:4)
  2 killer bee zombies
  A howler monkey zombie (D:5)
  5 gnolls
  2 adders
  A shadow imp (D:5)
  2 white imps
  2 ufetubi
  A worm (D:3)
  4 dart slugs
  14 orcs
  3 bats
  8 endoplasms
  7 giant cockroaches
  6 goblins
  6 hobgoblins
  5 jackals
  7 quokkas
  8 ball pythons
  4 frilled lizards
  9 kobolds
  2 rats (D:1)
138 creatures vanquished.

Vanquished Creatures (others)
  8 plants (D:8)
8 creatures vanquished.

Grand Total: 146 creatures vanquished

Notes
Turn   | Place    | Note
-------+----------+-------------------------------------------
     0 | D:1      | RatsInWalls the Spriggan Arcane Marksman began the quest
                  | for the Orb.
     0 | D:1      | Reached XP level 1. HP: 9/9 MP: 3/3
   117 | D:1      | Reached skill level 1 in Fighting
   117 | D:1      | Reached skill level 1 in Stealth
   117 | D:1      | Reached XP level 2. HP: 14/14 MP: 3/5
   172 | D:1      | Found a faded altar of an unknown god.
   389 | D:1      | Reached skill level 3 in Slings
   474 | D:1      | Reached XP level 3. HP: 18/18 MP: 6/6
  2539 | D:2      | Reached XP level 4. HP: 22/22 MP: 6/8
  3695 | D:2      | Found a runed translucent door.
  3696 | D:2      | Noticed Crazy Yiuf
  4617 | D:3      | Found a radiant altar of Vehumet.
  5091 | D:4      | Reached skill level 4 in Slings
  5091 | D:4      | Reached XP level 5. HP: 22/25 MP: 9/9
  5641 | D:4      | Noticed an ogre
  5674 | D:4      | Killed an ogre
  5675 | D:4      | Reached XP level 6. HP: 30/30 MP: 11/11
  5969 | D:4      | Reached skill level 5 in Slings
  6170 | D:4      | Reached XP level 7. HP: 8/35 MP: 12/12
  6569 | D:4      | Reached skill level 6 in Slings
  6569 | D:4      | Reached skill level 5 in Dodging
  7131 | D:4      | Found Yce Tewnuq's Jewellery Emporium.
  7192 | D:4      | Found a shimmering altar of Xom.
  7438 | D:5      | Entered Level 5 of the Dungeon
  7585 | D:5      | Reached skill level 5 in Stealth
  7712 | D:5      | Learned a level 2 spell: Ensorcelled Hibernation
  8330 | D:5      | Noticed a hornet
  8760 | D:6      | Found a glowing silver altar of Zin.
  8811 | D:6      | Reached skill level 7 in Slings
  8811 | D:6      | Reached XP level 8. HP: 40/40 MP: 13/13
  9209 | D:6      | Found a broken altar of Ashenzari.
  9697 | D:6      | Found a shadowy altar of Dithmenos.
  9747 | D:6      | Found a bloodstained altar of Trog.
  9757 | D:6      | Became a worshipper of Dithmenos the Shadowed
 10466 | D:6      | Learned a level 3 spell: Portal Projectile
 10491 | D:7      | Found Lubratoih's Antique Weapon Emporium.
 10565 | D:7      | Reached skill level 1 in Translocations
 10743 | D:7      | Found Jiucwog's Weapon Boutique.
 10809 | D:7      | Found Myques's Antique Armour Shoppe.
 10839 | D:7      | Reached skill level 8 in Slings
 11226 | D:7      | Found Fysch's Antique Armour Boutique.
 11280 | D:7      | Found a sacrificial altar of Ru.
 11484 | D:7      | Found a snail-covered altar of Cheibriados.
 11656 | D:7      | Found a runed translucent gate.
 11656 | D:7      | Found a runed translucent gate.
 11656 | D:7      | Found a runed translucent gate.
 11656 | D:7      | Noticed Cheops's ghost (novice VSFi)
 11659 | D:7      | Found a basalt altar of Yredelemnul.
 12036 | D:8      | Reached skill level 5 in Spellcasting
 12331 | D:8      | Reached XP level 9. HP: 43/45 MP: 17/17
 12572 | D:8      | Found a sparkling altar of Nemelex Xobeh.
 13074 | D:8      | Reached skill level 9 in Slings
 13074 | D:8      | Reached skill level 5 in Translocations
 13309 | D:8      | Found a staircase to the Lair.
 13310 | D:8      | Noticed a komodo dragon
 13933 | D:8      | Killed a komodo dragon
 14022 | D:9      | Found Atsatta's Jewellery Shoppe.
 14037 | D:9      | Found a staircase to the Orcish Mines.
 14077 | D:9      | Noticed Harold
 14453 | D:8      | Quit the game

Illustrated notes

Levels and vault maps discovered:
D:1:      saegor_arrival_simple_e, layout_basic, shapermc_ecumenical_altar_venn
D:2:      minmay_general_purpose_star, layout_rooms, uniq_crazy_yiuf_cottage
D:3:      layout_loops_ring, amcnicky_altar_gilded
D:4:      minmay_skewed_foursquare, layout_layer_cave,
          mainiacjoe_overflow_small_starburst, serial_shops, shop
D:5:      minmay_inner_zag, layout_rooms, minmay_temple_entry_hall
D:6:      layout_layer_cave, nicolae_ashenzari_panopticon,
          mainiacjoe_overflow_big_doors, lemuel_round_altar
D:7:      layout_layer_cave, mainiacjoe_overflow_24_doors,
          mainiacjoe_overflow_chevrons, nicolae_yredelemnul_ghost_church,
          serial_shops, nicolae_shop_trees, shop_coins,
          nicolae_shop_hallway_plus, shop
D:8:      layout_loops_ring, nemelex_spade_bored_becter, david_lair_shrubbed,
          item_on_display_a
D:9:      cheibrodos_helix_gallery, layout_basic, nicolae_uskayaw_dance_studio,
          david_orc_3, nicolae_stop_n_shop_1, minmay_fractal_squares_5,
          uniq_harold

Skill      XL: |  1  2  3  4  5  6  7  8  9 |
---------------+----------------------------+-----
Fighting       | 1 2 3 4 |  4.4
Stealth        | 1 2 3 4 5 7 8 |  8.0
Dodging        | 3 4 5 6 7 |  7.3
Slings         | 3 4 5 7 8 9 |  9.4
Spellcasting   | 2 3 5 |  5.9
Hexes          | 4 |  4.3
Translocations | 3 5 |  5.9

Action                   |  1- 3 |  4- 6 |  7- 9 || total
-------------------------+-------+-------+-------++-------
Melee: Club              |    45 |    24 |       ||    69
       Hunting sling     |     4 |       |       ||     4
       Punch             |     1 |     1 |       ||     2
       Dagger            |       |    73 |     8 ||    81
 Fire: Hunting sling     |   105 |   207 |   633 ||   945
Throw: Dart              |    10 |    10 |       ||    20
       Stone             |       |     1 |       ||     1
 Cast: Slow              |     3 |    16 |    56 ||    75
       Ensorcelled Hiber |       |       |     9 ||     9
       Portal Projectile |       |       |    13 ||    13
Evoke: Wand              |       |       |     1 ||     1
  Use: Scroll            |     2 |     6 |       ||     8
       Potion            |       |       |     2 ||     2
 Stab: Sleeping          |       |       |     3 ||     3
Armor: Robe              |     8 |    22 |    18 ||    48
Dodge: Dodged            |   112 |   134 |   197 ||   443
